AoeStats
← Don John

Nomad

509132798Analyzed
2v2 RM · 6d ago on Sep 25, 2026· 48m 16s· 4 players
Game mode
Random Map
Map size
176×176
Population
200
Speed
Normal
Resources
Standard
Victory
Conquest
Starting age
Dark Age
Ending age
Imperial Age
RankedLock teamsTeams togetherTeam positionsShared explorationLock speedFull tech treeHidden civsTurbo modeCheats
Victory
Defeat
🇦🇷 Spanish · Argentina
977
+16
🇦🇷 Dravidians · Argentina
959
+17
🇮🇳 Hindustanis · India
1021
-19
🇮🇹 Varangians · Italy
925
-14
Don John
9:29 Loom
12:55 Feudal Age
16:04 Bloodlines
16:30 Scale Barding Armor
16:36 Forging
22:31 Castle Age
21:33 Stone Mining
21:55 Double-Bit Axe
21:53 Horse Collar
33:05 Bow Saw
44:51 Imperial Age
43:53 Wheelbarrow
45:22 Medium Warships
45:43 Padded Archer Armor
46:04 Chain Barding Armor
46:19 Iron Casting
45:33 Light Cavalry
GdN_MonarKA
4:17 Loom
13:52 Feudal Age
15:08 Town Watch
17:55 Castle Age
16:30 Fletching
19:16 Gold Mining
22:59 Medium Warships
23:34 Bodkin Arrow
24:05 Double-Bit Axe
27:40 Scale Barding Armor
28:36 Fishing Lines
30:31 Padded Archer Armor
32:50 Stone Mining
32:38 Elite Skirmisher
39:21 Imperial Age
37:28 Wheelbarrow
38:14 Thumb Ring
41:52 Heavy Scorpion
47:35 Elite Elephant Archer
bucci71
3:54 Loom
16:42 Feudal Age
17:59 Wheelbarrow
17:13 Double-Bit Axe
17:16 Horse Collar
20:19 Fishing Lines
23:01 Castle Age
21:32 Scale Mail Armor
21:53 Man-at-Arms
26:59 Medium Warships
29:42 Bow Saw
32:55 Hand Cart
34:21 Gold Mining
34:22 Stone Mining
40:56 Imperial Age
40:27 Stone Shaft Mining
39:48 Gillnets
41:15 Capped Ram
47:03 Padded Archer Armor
46:53 Fletching
hardarak085
8:52 Loom
11:57 Feudal Age
12:25 Fishing Lines
13:02 Double-Bit Axe
15:18 Town Watch
15:33 Man-at-Arms
17:07 Scale Mail Armor
17:19 Forging
19:48 Gold Mining
24:42 Castle Age
24:30 Fletching
26:10 Bloodlines
26:01 Husbandry
26:29 Squires
26:50 Gillnets
28:04 Husbandry
31:08 Wheelbarrow
33:22 Grand Trunk Road
Connection lost

Rejoining the realm…

Still unreachable

The connection could not be restored.

Session expired

The server has moved on; the page needs a fresh start.